 Dungeon Crawl Stone Soup version 0.29.0-4-gdea44cf6ec (webtiles) character file.

Game seed: 2128661816857759264

5287 qw the Cleaver (level 10, 0/79 HPs)
             Began as a Demonspawn Cinder Acolyte on Sept 8, 2022.
             Was a Follower of Ignis.
             Slain by an unseen horror (6 damage)
             ... on level 10 of the Dungeon.
             The game lasted 00:03:35 (10979 turns).

qw the Cleaver (Demonspawn Cinder Acolyte)         Turns: 10979, Time: 00:03:35

Health: 0/79       AC: 20    Str: 19    XL:     10   Next: 37%
Magic:  0/11       EV:  9    Int: 16    God:    Ignis [*.....]
Gold:   128        SH:  4    Dex:  8    Spells: 11/11 levels left

rFire   + . .      SeeInvis .   g - +1 broad axe (vamp)
rCold   . . .      Faith    .   l - +0 buckler
rNeg    . . .      Spirit   +   n - +0 plate armour
rPois   .          Reflect  .   (helmet restricted)
rElec   .          Harm     .   o - +1 cloak
rCorr   .          Rampage  .   f - +0 pair of gloves
Will    .....                   (no boots)
Stlth   ..........              h - amulet of guardian spirit
HPRegen 0.23/turn               j - +4 ring of protection
MPRegen 0.12/turn               a - +4 ring of evasion

@: no status effects
A: antennae 2, ignite blood 2, powered by pain 2
a: Renounce Religion, Fiery Armour, Foxfire Swarm, Rising Flame


You were on level 10 of the Dungeon.
You worshipped Ignis.
Ignis was aware of your devotion.
You visited 1 branch of the dungeon, and saw 10 of its levels.

You collected 478 gold pieces.
You spent 350 gold pieces at shops.


Innate Abilities, Weirdness & Mutations

You have a pair of antennae on your head.
Your demonic aura often causes spilled blood to erupt in flames.
You sometimes gain power by taking damage.


   Skills:
 - Level 7.1 Fighting
 - Level 11.0 Axes
 - Level 1.0 Throwing
 - Level 5.7 Armour
 - Level 1.0 Dodging
 + Level 3.8 Shields
 - Level 1.0 Spellcasting
 - Level 2.6 Fire Magic


You had 11 spell levels left.
You didn't know any spells.
Your spell library contained the following spells:

 Spells                   Type           Power      Damage    Failure   Level
 Scorch                   Fire           18%        2d6       99%         2

Inventory:

Hand Weapons
 g - a +1 vampiric broad axe (weapon)
 i - a +4 morningstar of freezing
Missiles
 m - 5 boomerangs (quivered)
Armour
 f - a +0 pair of gloves (worn)
 l - a +0 buckler (worn)
 n - a +0 plate armour (worn)
 o - a +1 cloak (worn)
Jewellery
 a - a +4 ring of evasion (right hand)
 h - an amulet of guardian spirit (around neck)
 j - a +4 ring of protection (left hand)
Scrolls
 b - 5 scrolls of identify
 r - a scroll of brand weapon
Potions
 c - 10 potions of curing
 d - a potion of haste
 e - a potion of might
 k - 4 potions of mutation
 p - a potion of cancellation
 q - a potion of heal wounds

Dungeon Overview and Level Annotations

Branches:
Dungeon (10/15)            Temple (0/1) D:7
   Lair: D:8-11         Orc: D:9-12

Altars:
Cheibriados
Fedhas
Gozag
Hepliaklqana
Kikubaaqudgha
Makhleb
Wu Jian
Xom
Lugonu

Shops:
D:3 !   D:5 [   D:7 =   D:9 !

Portals:
Abyss: D:4

Annotations:
D:7 1 runed translucent door, Crazy Yiuf


Message History

Something hits you but does no damage.
You swing at nothing.
Something completely misses you.
You swing at nothing.
Something hits you but does no damage. Something completely misses you.
Something hits you but does no damage.
10965 ||| Invisible monster not found???
Autopickup is now on.
There is a strange disturbance nearby!
Something hits you.
Deactivating autopickup; reactivate with Ctrl-A.
You swing at nothing.
Something hits you.
You swing at nothing.
Something hits you but does no damage.
You swing at nothing.
Something hits you.
You hit something but do no damage. Something hits you.
You swing at nothing.
Something hits you but does no damage.
You hit something.
You feel better. Something hits you!
You swing at nothing.
Something hits you.
You swing at nothing.
Something hits you but does no damage.
You barely miss something. Something hits you. x2
You hit something.
You feel better.
Something hits you but does no damage. x2
You completely miss something. Something hits you but does no damage.
You completely miss something. Something hits you but does no damage.
You swing at nothing.
Something hits you. Something hits you but does no damage.
You swing at nothing.
Something hits you!
You die...

##.############
.......<......######
##.##########......#
######.# ######.#
#......# #@######
#{# ... .....
.#..##. #.#... .. #
#.## <# #. #


There were no monsters in sight!

Vanquished Creatures
  2 two-headed ogres (D:9)
  Sigmund (D:2)
  A yak (D:9)
  A steam dragon (D:9)
  Menkaure (D:6)
  3 water moccasins
  3 orc warriors
  2 sky beasts (D:8)
  4 ice beasts
  3 black bears
  2 ogres
  A centaur (D:8)
  2 kobold brigands
  Blork the orc (D:4)
  4 bullfrogs
  2 necrophages
  A gnoll sergeant (D:7)
  4 wights (D:9)
  4 killer bees (D:9)
  2 howler monkeys (D:5)
  A hound (D:5)
  A jelly (D:5)
  2 gnoll boudas
  4 orc priests
  Jessica (D:3)
  Ijyb (D:3)
  An iguana (D:4)
  5 orc wizards
  13 gnolls
  9 adders
  3 shadow imps
  2 white imps
  A worm (D:3)
  2 dart slugs
  34 orcs
  8 ball pythons
  9 endoplasms
  2 giant cockroaches (D:4)
  3 goblins (D:4)
  5 hobgoblins
  11 kobolds
  3 quokkas
  5 bats
  8 frilled lizards
  5 rats
  A lurking horror (D:4)
184 creatures vanquished.

Vanquished Creatures (others)
  A howler monkey (D:6)
  A fungus (D:6)
  5 plants (D:3)
7 creatures vanquished.

Grand Total: 191 creatures vanquished

Notes
Turn   | Place    | Note
-------+----------+-------------------------------------------
     0 | D:1      | qw the Demonspawn Cinder Acolyte began the quest for the
                  | Orb.
     0 | D:1      | Reached XP level 1. HP: 18/18 MP: 2/2
     0 | D:1      | 0 ||| qw: Version: 0.1-a-112-g44dc6cd
     0 | D:1      | 0 ||| qw: Game counter: 6662
     0 | D:1      | 0 ||| qw: Always use a shield: true
     0 | D:1      | 0 ||| qw: God list: Okawaru
     0 | D:1      | 0 ||| qw: Allow faded altars: false
     0 | D:1      | 0 ||| qw: Do Orc after D:15 true
     0 | D:1      | 0 ||| qw: Do second Lair branch before Depths: true
     0 | D:1      | 0 ||| qw: Lair rune preference: random
     0 | D:1      | 0 ||| qw: Plans: Normal
     0 | D:1      | 0 ||| PLANNING D:1-11
   216 | D:1      | Reached skill level 3 in Axes
   636 | D:1      | 636 ||| INVOKING Fiery Armour.
   637 | D:1      | Gained mutation: You sometimes gain a little power by
                  | taking damage. [demonic ancestry]
   637 | D:1      | Reached XP level 2. HP: 7/24 MP: 3/3
  1192 | D:1      | 1192 ||| UPGRADING to +0 ring mail.
  1202 | D:1      | 1202 ||| DROPPING +0 robe.
  1203 | D:1      | 1203 ||| UPGRADING to +0 scale mail.
  1213 | D:1      | 1213 ||| DROPPING +0 ring mail.
  1214 | D:1      | 1214 ||| READING scroll labelled OTAOCE FUUMOZ SUTE.
  1345 | D:1      | 1345 ||| READING scroll labelled MYL MUREOBLACAWK.
  1346 | D:1      | 1346 ||| READING scroll labelled NYSMOGY YDGHOFA.
  1542 | D:2      | Reached XP level 3. HP: 29/29 MP: 4/4
  1657 | D:2      | Reached skill level 4 in Axes
  1966 | D:2      | Noticed Sigmund
  1978 | D:2      | 1978 ||| INVOKING Fiery Armour.
  1989 | D:2      | HP: 5/29 [Sigmund/+0 scythe (4)]
  1993 | D:2      | Killed Sigmund
  1994 | D:2      | Reached skill level 3 in Armour
  1994 | D:2      | Discovered your monstrous ancestry.
  1994 | D:2      | Gained mutation: You have a pair of small antennae on your
                  | head. [demonic ancestry]
  1994 | D:2      | Reached XP level 4. HP: 6/35 MP: 5/5
  1994 | D:2      | Reached XP level 5. HP: 7/41 MP: 6/6
  2430 | D:2      | 2430 ||| UPGRADING to +0 chain mail.
  2440 | D:2      | 2440 ||| DROPPING +0 scale mail.
  2441 | D:2      | 2441 ||| UPGRADING to amulet of guardian spirit.
  2446 | D:2      | 2446 ||| UPGRADING to +4 ring of protection.
  2447 | D:2      | 2447 ||| READING scroll labelled PIGIXE PULUEJ.
  2448 | D:2      | 2448 ||| READING 4 scrolls labelled POF CUGOZAL.
  2449 | D:2      | 2449 ||| READING scroll labelled XIGGERE QUIB.
  2450 | D:2      | 2450 ||| READING scroll labelled JAMMIO CUCZOOGRI.
  2451 | D:2      | 2451 ||| READING scroll labelled XULAMA ALEWEIPN.
  2552 | D:2      | 2552 ||| READING 3 scrolls of identify.
  2552 | D:2      | 2552 ||| IDENTIFYING viscous clear potion
  2753 | D:3      | 2753 ||| Stepping ~*~*~tactically~*~*~ (stealth).
  2757 | D:3      | 2757 ||| Stepping ~*~*~tactically~*~*~ (stealth).
  2886 | D:3      | Found Qiesmue's Distillery.
  2897 | D:3      | 2897 ||| BUYING potion of curing (33 gold).
  2897 | D:3      | Bought a potion of curing for 33 gold pieces
  2897 | D:3      | 2897 ||| BUYING potion of curing (33 gold).
  2897 | D:3      | Bought a potion of curing for 33 gold pieces
  2897 | D:3      | 2897 ||| SHOPLISTING potion of haste (110 gold, have 45).
  2897 | D:3      | 2897 ||| SHOPLISTING potion of heal wounds (55 gold, have
                  | 45).
  2897 | D:3      | 2897 ||| BUYING potion of might (44 gold).
  2897 | D:3      | Bought a potion of might for 44 gold pieces
  2897 | D:3      | 2897 ||| SHOPLISTING potion of might (44 gold, have 1).
  2897 | D:3      | 2897 ||| SHOPLISTING potion of resistance (110 gold, have
                  | 1).
  2958 | D:3      | Found a hazy altar of Hepliaklqana.
  2959 | D:3      | 2959 ||| Stepping ~*~*~tactically~*~*~ (stealth).
  2960 | D:3      | 2960 ||| Stepping ~*~*~tactically~*~*~ (stealth).
  3060 | D:3      | Noticed Ijyb
  3061 | D:3      | 3061 ||| Stepping ~*~*~tactically~*~*~ (hiding).
  3062 | D:3      | 3062 ||| Stepping ~*~*~tactically~*~*~ (hiding).
  3077 | D:3      | Killed Ijyb
  3078 | D:3      | Reached XP level 6. HP: 44/47 MP: 5/7
  3299 | D:3      | Noticed Jessica
  3300 | D:3      | 3300 ||| Stepping ~*~*~tactically~*~*~ (hiding).
  3312 | D:3      | 3312 ||| INVOKING Fiery Armour.
  3312 | D:3      | Killed Jessica
  3712 | D:3      | 3712 ||| UPGRADING to +0 pair of gloves.
  3717 | D:3      | 3717 ||| DROPPING scarf of invisibility.
  3718 | D:3      | 3718 ||| UPGRADING to +4 ring of evasion.
  3719 | D:3      | 3719 ||| READING scroll labelled ALUSEGGYMUK.
  3720 | D:3      | 3720 ||| READING scroll labelled ZOSOSARUSI.
  3747 | D:4      | Reached skill level 5 in Axes
  3747 | D:4      | 3747 ||| STAIRDANCE
  3845 | D:4      | Noticed Blork the orc
  3846 | D:4      | 3846 ||| Stepping ~*~*~tactically~*~*~ (hiding).
  3861 | D:4      | 3861 ||| INVOKING Fiery Armour.
  3865 | D:4      | Killed Blork the orc
  3866 | D:4      | Reached skill level 6 in Axes
  3866 | D:4      | Gained mutation: You sometimes gain power by taking damage.
                  | [demonic ancestry]
  3866 | D:4      | Reached XP level 7. HP: 25/52 MP: 2/8
  4061 | D:4      | Found a corrupted altar of Lugonu.
  4066 | D:4      | 4066 ||| Stepping ~*~*~tactically~*~*~ (stealth).
  4205 | D:4      | Found a one-way gate to the infinite horrors of the Abyss.
  4328 | D:4      | 4328 ||| Stepping ~*~*~tactically~*~*~ (stealth).
  4942 | D:4      | 4942 ||| UPGRADING to +0 buckler.
  4947 | D:4      | 4947 ||| READING 5 scrolls of identify.
  4947 | D:4      | 4947 ||| IDENTIFYING pink potion
  4948 | D:4      | 4948 ||| READING 4 scrolls of identify.
  4948 | D:4      | 4948 ||| IDENTIFYING murky silvery potion
  4949 | D:4      | 4949 ||| DROPPING potion of invisibility.
  4950 | D:4      | 4950 ||| DROPPING potion of degeneration.
  4978 | D:5      | Entered Level 5 of the Dungeon
  5030 | D:5      | 5030 ||| INVOKING Fiery Armour.
  5032 | D:5      | Reached skill level 1 in Shields
  5039 | D:5      | 5039 ||| FLEEEEING.
  5040 | D:5      | 5040 ||| FLEEEEING.
  5041 | D:5      | 5041 ||| FLEEEEING.
  5042 | D:5      | 5042 ||| FLEEEEING.
  5043 | D:5      | 5043 ||| FLEEEEING.
  5044 | D:5      | 5044 ||| FLEEEEING.
  5045 | D:5      | 5045 ||| FLEEEEING.
  5046 | D:5      | 5046 ||| FLEEEEING.
  5047 | D:5      | 5047 ||| FLEEEEING.
  5048 | D:5      | 5048 ||| FLEEEEING.
  5049 | D:5      | 5049 ||| FLEEEEING.
  5050 | D:5      | 5050 ||| FLEEEEING.
  5051 | D:5      | 5051 ||| FLEEEEING.
  5052 | D:5      | 5052 ||| FLEEEEING.
  5053 | D:5      | 5053 ||| STAIRDANCE
  5229 | D:4      | 5229 ||| READING 3 scrolls of identify.
  5229 | D:4      | 5229 ||| IDENTIFYING puce potion
  5230 | D:4      | 5230 ||| DROPPING potion of magic.
  5274 | D:5      | 5274 ||| INVOKING Fiery Armour.
  5288 | D:5      | Gained mutation: Your demonic aura sometimes causes spilled
                  | blood to erupt in flames. [demonic ancestry]
  5288 | D:5      | Reached XP level 8. HP: 43/60 MP: 7/9
  5300 | D:5      | Reached skill level 7 in Axes
  5312 | D:5      | Reached skill level 1 in Dodging
  5646 | D:5      | Found Ydeicw's Antique Armour Emporium.
  5656 | D:5      | 5656 ||| SHOPLISTING glowing chain mail (172 gold, have
                  | 142).
  5656 | D:5      | 5656 ||| SHOPLISTING glowing scale mail (161 gold, have
                  | 142).
  5656 | D:5      | 5656 ||| SHOPLISTING pair of glowing boots (172 gold, have
                  | 142).
  5764 | D:5      | 5764 ||| READING scroll labelled ORI NIOLLABAC.
  5799 | D:5      | 5799 ||| DROPPING +0 whip.
  5800 | D:5      | 5800 ||| DRINKING 2 amethyst potions.
  5801 | D:5      | 5801 ||| READING 3 scrolls of identify.
  5801 | D:5      | 5801 ||| IDENTIFYING sedimented clear potion
  5808 | D:6      | 5808 ||| Stepping ~*~*~tactically~*~*~ (hiding).
  5816 | D:6      | Reached skill level 1 in Throwing
  5992 | D:6      | 5992 ||| DRINKING 7 potions of curing.
  5992 | D:6      | 5992 ||| (to cure confusion)
  6002 | D:6      | 6002 ||| INVOKING Fiery Armour.
  6002 | D:6      | HP: 14/60 [orc priest/divine providence (6)]
  6003 | D:6      | 6003 ||| DRINKING potion of heal wounds.
  6164 | D:6      | 6164 ||| SWAPPING to +0 war axe.
  6165 | D:6      | 6165 ||| DROPPING -1 vorpal hand axe.
  6216 | D:6      | Found a shimmering altar of Xom.
  6227 | D:6      | Reached skill level 8 in Axes
  6311 | D:6      | 6311 ||| Stepping ~*~*~tactically~*~*~ (stealth).
  6312 | D:6      | 6312 ||| Stepping ~*~*~tactically~*~*~ (stealth).
  6314 | D:6      | 6314 ||| Stepping ~*~*~tactically~*~*~ (stealth).
  6315 | D:6      | 6315 ||| Stepping ~*~*~tactically~*~*~ (stealth).
  6328 | D:6      | 6328 ||| INVOKING Fiery Armour.
  6329 | D:6      | HP: 12/62 [ice beast (6)]
  6707 | D:6      | Noticed Menkaure
  6708 | D:6      | 6708 ||| Stepping ~*~*~tactically~*~*~ (hiding).
  6714 | D:6      | 6714 ||| INVOKING Fiery Armour.
  6717 | D:6      | Killed Menkaure
  7335 | D:6      | Found an ancient bone altar of Kikubaaqudgha.
  7630 | D:6      | Reached skill level 9 in Axes
  7630 | D:6      | Gained mutation: Your demonic aura often causes spilled
                  | blood to erupt in flames. [demonic ancestry]
  7630 | D:6      | Reached XP level 9. HP: 67/68 MP: 10/10
  7646 | D:6      | 7646 ||| READING scroll labelled WUTIVE HIYMAAM.
  7646 | D:6      | Identified a scroll of acquirement
  7646 | D:6      | 7646 ||| ACQUIRING +1 vampiric broad axe
  7646 | D:6      | Acquired a +1 vampiric broad axe
  7648 | D:6      | 7648 ||| SWAPPING to +1 vampiric broad axe.
  7649 | D:6      | 7649 ||| DROPPING +0 war axe.
  7650 | D:6      | 7650 ||| READING 2 scrolls of identify.
  7650 | D:6      | 7650 ||| IDENTIFYING purple potion
  7651 | D:6      | 7651 ||| DROPPING potion of flight.
  7702 | D:7      | Found Rirasahe's Jewellery Shop.
  7703 | D:7      | 7703 ||| Stepping ~*~*~tactically~*~*~ (hiding).
  7705 | D:7      | 7705 ||| Stepping ~*~*~tactically~*~*~ (hiding).
  7707 | D:7      | 7707 ||| Stepping ~*~*~tactically~*~*~ (hiding).
  7723 | D:7      | 7723 ||| Stepping ~*~*~tactically~*~*~ (stealth).
  7730 | D:7      | Reached skill level 3 in Shields
  7731 | D:7      | 7731 ||| Stepping ~*~*~tactically~*~*~ (stealth).
  7764 | D:7      | 7764 ||| SHOPLISTING amulet "Jofregep" {Reflect Slay+4
                  | SH+5} (699 gold, have 189).
  7764 | D:7      | 7764 ||| SHOPLISTING amulet of regeneration (390 gold, have
                  | 189).
  7764 | D:7      | 7764 ||| SHOPLISTING amulet of the acrobat (390 gold, have
                  | 189).
  7765 | D:7      | 7765 ||| Stepping ~*~*~tactically~*~*~ (stealth).
  7767 | D:7      | Found a staircase to the Ecumenical Temple.
  7793 | D:7      | 7793 ||| Stepping ~*~*~tactically~*~*~ (stealth).
  8104 | D:7      | 8104 ||| Stepping ~*~*~tactically~*~*~ (stealth).
  8145 | D:7      | 8145 ||| Stepping ~*~*~tactically~*~*~ (stealth).
  8150 | D:7      | Reached skill level 6 in Fighting
  8150 | D:7      | 8150 ||| FLEEEEING.
  8297 | D:7      | Found a blossoming altar of Fedhas.
  8350 | D:7      | Found a runed translucent door.
  8351 | D:7      | Noticed Crazy Yiuf
  8426 | D:7      | Found a faded altar of an unknown god.
  8426 | D:7      | Found an ornate altar of the Wu Jian Council.
  8433 | D:7      | Found a faded altar of an unknown god.
  8437 | D:7      | Found an opulent altar of Gozag.
  8903 | D:8      | 8903 ||| Stepping ~*~*~tactically~*~*~ (hiding).
  8904 | D:8      | 8904 ||| Stepping ~*~*~tactically~*~*~ (hiding).
  8924 | D:8      | 8924 ||| FLEEEEING.
  8925 | D:8      | 8925 ||| FLEEEEING.
  8928 | D:8      | 8928 ||| Stepping ~*~*~tactically~*~*~ (stealth).
  8957 | D:8      | 8957 ||| Stepping ~*~*~tactically~*~*~ (stealth).
  8958 | D:8      | 8958 ||| Stepping ~*~*~tactically~*~*~ (stealth).
  9166 | D:8      | 9166 ||| Stepping ~*~*~tactically~*~*~ (hiding).
  9170 | D:8      | 9170 ||| INVOKING Fiery Armour.
  9181 | D:8      | Reached skill level 10 in Axes
  9586 | D:8      | 9586 ||| UPGRADING to +0 plate armour.
  9596 | D:8      | 9596 ||| DROPPING +0 chain mail.
  9617 | D:9      | Found a snail-covered altar of Cheibriados.
  9620 | D:9      | Noticed a two-headed ogre
  9621 | D:9      | 9621 ||| Stepping ~*~*~tactically~*~*~ (hiding).
  9631 | D:9      | 9631 ||| INVOKING Fiery Armour.
  9639 | D:9      | HP: 13/71 [two-headed ogre/+0 giant club (7)]
  9646 | D:9      | HP: 16/72 [two-headed ogre/+0 giant club (4)]
  9647 | D:9      | HP: 3/72 [two-headed ogre/+0 giant club (14)]
  9647 | D:9      | Killed a two-headed ogre
  9648 | D:9      | Gained mutation: You have a pair of antennae on your head.
                  | [demonic ancestry]
  9648 | D:9      | Reached XP level 10. HP: 3/79 MP: 1/11
  9953 | D:9      | 9953 ||| DROPPING +0 flail.
 10077 | D:9      | Found Hummaud's Distillery.
 10085 | D:9      | 10085 ||| BUYING potion of cancellation (80 gold).
 10085 | D:9      | Bought a potion of cancellation for 80 gold pieces
 10085 | D:9      | 10085 ||| BUYING potion of curing (30 gold).
 10085 | D:9      | Bought a potion of curing for 30 gold pieces
 10085 | D:9      | 10085 ||| BUYING potion of heal wounds (50 gold).
 10085 | D:9      | Bought a potion of heal wounds for 50 gold pieces
 10085 | D:9      | 10085 ||| BUYING potion of mutation (80 gold).
 10085 | D:9      | Bought a potion of mutation for 80 gold pieces
 10085 | D:9      | 10085 ||| SHOPLISTING potion of mutation (80 gold, have
                  | 60).
 10115 | D:9      | 10115 ||| INVOKING Fiery Armour.
 10144 | D:9      | 10144 ||| Stepping ~*~*~tactically~*~*~ (hiding).
 10318 | D:9      | Noticed a two-headed ogre
 10324 | D:9      | Killed a two-headed ogre
 10389 | D:9      | Found a burning altar of Makhleb.
 10389 | D:9      | Noticed a blizzard demon
 10461 | D:9      | Reached skill level 11 in Axes
 10808 | D:9      | 10808 ||| UPGRADING to +1 cloak.
 10842 | D:10     | Entered Level 10 of the Dungeon
 10863 | D:10     | 10863 ||| Stepping randomly (disturbance).
 10965 | D:10     | 10965 ||| Invisible monster not found???
 10969 | D:10     | HP: 19/79 [something (4)]
 10974 | D:10     | HP: 7/79 [something (5)]
 10979 | D:10     | Slain by an unseen horror

Levels and vault maps discovered:
D:1:      minmay_arrival_split_and_join, layout_basic, kennysheep_flooded_box
D:2:      layout_loops_ring, shapermc_ecumenical_altar_petra,
          chequers_serial_rivers_large_a, uniq_sigmund
D:3:      layout_loops_cross, old_standard_altar, serial_shops,
          nicolae_square_shop, minmay_misc_feat_columns, minmay_lizard_king,
          uniq_jessica, uniq_ijyb
D:4:      layout_basic, mainiacjoe_overflow_24_doors, hangedman_decor_lopped,
          amcnicky_altar_lugonu_corruption, uniq_blork_the_orc
D:5:      layout_basic, serial_shops, nicolae_shop_stone
D:6:      layout_basic, xom_confusion_cloud, mainiacjoe_overflow_boulevard,
          nicolae_fountain_basement, uniq_menkaure
D:7:      layout_basic, chequers_temple_overflow_minitemple,
          lemuel_coloured_pillars_altar, minmay_temple_entry_sparse_star,
          serial_shops, nicolae_shop_trees,
          nicolae_concentric_dashed_squares_wild, uniq_crazy_yiuf_cottage
D:8:      black_bear_nest_1, layout_loops_ring, st_stairs_5
D:9:      layout_irregular_city, makhleb_altar_promises_db,
          mainiacjoe_overflow_alcove_2, serial_shops, nicolae_stop_n_shop_2,
          serial_column_ruins, column_ruins_hut_ruined,
          column_ruins_hut_pillars, column_ruins_grid_2,
          column_ruins_columns_straight, column_ruins_open_small_water,
          column_ruins_grid_2, column_ruins_open_tiny,
          column_ruins_corridor_straight
D:10:     layout_loops_cross, mainiacjoe_overflow_surrounded_room,
          mainiacjoe_overflow_cross_hatched, david_lair_shrubbed

Skill      XL: |  1  2  3  4  5  6  7  8  9 10 |
---------------+-------------------------------+-----
Axes           | 3 4 6 9 10 11 | 11.0
Armour         | 3 5 |  5.7
Fighting       | 4 5 7 |  7.1
Shields        | 2 3 |  3.8
Dodging        | 1 |  1.0
Throwing       | 1 |  1.0
Spellcasting   | |  1.0
Fire Magic     | |  2.6

Action                   |  1- 3 |  4- 6 |  7- 9 | 10-12 || total
-------------------------+-------+-------+-------+-------++-------
Melee: Hand axe          |    96 |   168 |   178 |       ||   442
       Punch             |     1 |     1 |       |       ||     2
       War axe           |       |       |    58 |       ||    58
       Broad axe         |       |       |   115 |    87 ||   202
Throw: Boomerang         |       |       |    42 |     2 ||    44
Invok: Fiery Armour      |     2 |     2 |     7 |     1 ||    12
  Use: Scroll            |     3 |     8 |     7 |       ||    18
       Potion            |       |       |     3 |       ||     3
Armor: Scale mail        |    29 |     9 |       |       ||    38
       Robe              |     2 |       |       |       ||     2
       Chain mail        |       |    73 |   181 |       ||   254
       Plate armour      |       |       |    33 |   122 ||   155
Dodge: Dodged            |    40 |    72 |   212 |    27 ||   351
Block: Buckler           |       |       |    58 |    17 ||    75

Table legend:
 A = Non-vault XP
 B = Vault XP
 C = Vault XP percentage of total XP
 D = Non-vault monster count
 E = Vault monster count
 F = Vault count percentage of total count
                 A         B        C        D         E       F
            +---------+---------+-------+---------+---------+-------
      Total |    5975 |    1578 |  20.9 |     161 |      22 |  12.0
            +---------+---------+-------+---------+---------+-------
        D:1 |      23 |       0 |   0.0 |      14 |       0 |   0.0
        D:2 |      46 |     231 |  83.4 |       9 |       1 |  10.0
        D:3 |      61 |      80 |  56.7 |      21 |       9 |  30.0
        D:4 |     414 |      94 |  18.5 |      18 |       1 |   5.3
        D:5 |     700 |       0 |   0.0 |      24 |       0 |   0.0
        D:6 |     486 |     666 |  57.8 |      11 |       7 |  38.9
        D:7 |     692 |       0 |   0.0 |      20 |       0 |   0.0
        D:8 |     480 |     298 |  38.3 |      10 |       3 |  23.1
        D:9 |    3073 |     209 |   6.4 |      34 |       1 |   2.9
            +---------+---------+-------+---------+---------+-------
